 Dungeon Crawl Stone Soup version 0.20-a0-904-gd863c46 (webtiles) character file.

6079 M4edhros the Severer (level 10, -1/83 HPs)
             Began as a Minotaur Berserker on Mar 22, 2017.
             Was an Elder of Trog.
             Slain by a two-headed ogre
             ... wielding a +0 giant club
              (15 damage)
             ... on level 11 of the Dungeon.
             The game lasted 00:07:53 (2033 turns).

M4edhros the Severer (Minotaur Berserker)           Turns: 2033, Time: 00:07:53

Health: -1/83      AC: 14    Str: 22    XL:     10   Next: 57%
Magic:  9/9        EV: 14    Int:  4    God:    Trog [****..]
Gold:   206        SH:  0    Dex: 18    Spells: 9/9 levels left

rFire    . . .     SeeInvis .   a - +0 hand axe
rCold    . . .     Gourm    .   z - +0 plate armour
rNeg     . . .     Faith    .   (no shield)
rPois    .         Spirit   .   (helmet restricted)
rElec    .         Reflect  .   (no cloak)
rCorr    .         Harm     .   g - +0 pair of gloves (curse)
MR       .....                  s - +0 pair of boots
Stlth    ..........             (no amulet)
Regen    0.3/turn               (no ring)
MPRegen  0.2/turn               (no ring)

@: agile, exhausted, slowed, very slow
A: retaliatory headbutt, horns 2
a: Berserk, Trog's Hand, Brothers in Arms, Burn Spellbooks, Renounce Religion


You were on level 11 of the Dungeon.
You worshipped Trog.
Trog was greatly pleased with you.
You were not hungry.

You visited 1 branch of the dungeon, and saw 12 of its levels.

You collected 206 gold pieces.

Inventory:

Hand Weapons
 a - a +0 hand axe (weapon)
 v - a cursed -3 blowgun
Missiles
 y - 20 poisoned needles
Armour
 g - a cursed +0 pair of gloves (worn)
 q - a +0 chain mail
 s - a +0 pair of boots (worn)
 z - a +0 plate armour (worn)
Wands
 m - a wand of polymorph (15/24)
Scrolls
 b - 2 scrolls of fog {unknown}
 d - 3 scrolls of teleportation {unknown}
 e - 4 scrolls of identify {unknown}
 j - a scroll of immolation {unknown}
 k - a scroll of amnesia {unknown}
 l - a scroll of enchant armour {unknown}
 n - a scroll of random uselessness {unknown}
 o - a scroll of magic mapping {unknown}
 p - 3 scrolls of recharging {unknown}
 x - a scroll of remove curse {unknown}
 A - a scroll of blinking {unknown}
Potions
 t - 2 potions of berserk rage {unknown}
 u - a potion of haste {unknown}
 w - a potion of ambrosia {unknown}
Comestibles
 c - 6 bread rations
 h - 2 royal jellies
 i - 4 meat rations
 r - 2 fruits


   Skills:
 * Level 5.9 Fighting
 - Level 16.5 Axes
 * Level 5.0 Armour
 * Level 4.5 Dodging


You had 9 spell levels left.
You didn't know any spells.

Dungeon Overview and Level Annotations

Branches:
Dungeon (12/15)            Temple (0/1) D:4
   Lair: D:8-11         Orc: D:9-12

Altars:
Ashenzari
Cheibriados
Gozag
Nemelex Xobeh
Qazlal
Uskayaw


Innate Abilities, Weirdness & Mutations

You reflexively headbutt those who attack you in melee.
You have a pair of horns on your head.


Message History

Found a dented fluorescent amulet.
The crimson imp blinks!
There is an open door here.
You feel agile all of a sudden.
The crimson imp blinks!
Evoke which item? (* to show all) (? for menu, Esc to quit)
Aiming: Polymorph (will waste charges)
Press: ? - help, Shift-Dir - straight line, f - two-headed ogre
Aim: a two-headed ogre, wielding a giant club and a giant spiked club (chance to defeat MR: 28%)
Okay, then.
You slash the two-headed ogre!
The two-headed ogre is moderately wounded.
The two-headed ogre hits you but does no damage.
The two-headed ogre hits you with a giant spiked club!!
* * * LOW HITPOINT WARNING * * *
Okay, then.
You hit the two-headed ogre.
The two-headed ogre is moderately wounded.
The two-headed ogre hits you with a giant club!
You die...

#. #. #.## #..# ##
###### ####+##
#######.####. .....#
....... #............
.....# .......
#....)....... .....#
.....5.#####............
.....#
......O@...#............
.....#
.......###..............
.....# .......
###...........# .....+
....".. ##########.##
.....# #+##### ..#
+##### .## ## ..##
#####+### ..#
#.......### #.#
#####.......'..


You could see a two-headed ogre and a crimson imp.

Vanquished Creatures
  3 two-headed ogres
  Pikel (D:7)
  An ugly thing (D:11)
  2 centaur zombies (D:11)
  3 centaur skeletons
  A troll (D:8)
  A hippogriff (D:8)
  A hungry ghost (D:11)
  An ice beast (D:8)
  2 orc warriors
  A phantom (D:8)
  An ogre (D:7)
  A crocodile (D:9)
  4 centaurs
  2 big kobolds
  4 bullfrogs
  3 scorpions
  A howler monkey (D:11)
  A quasit (D:6)
  2 crimson imps
  2 hounds
  4 orc priests (D:8)
  Jessica (D:2)
  An iguana (D:4)
  4 orc wizards
  8 worker ants
  A hound zombie (D:7)
  A hound skeleton (D:10)
  4 adders
  3 gnolls (D:6)
  A worm (D:4)
  A dart slug (D:4)
  A leopard gecko (D:6)
  15 orcs
  A giant cockroach (D:3)
  2 hobgoblins (D:2)
  8 jackals
  12 kobolds
  A quokka (D:6)
  2 bats
  3 frilled lizards
  A leopard gecko skeleton (D:6)
  A quokka skeleton (D:6)
  2 quokka zombies
116 creatures vanquished.

Vanquished Creatures (others)
  2 orc priests (D:7)
  4 jackals
6 creatures vanquished.

Grand Total: 122 creatures vanquished

Notes
Turn   | Place    | Note
-------+----------+-------------------------------------------
     0 | D:1      | M4edhros the Minotaur Berserker began the quest for the Orb.
     0 | D:1      | Reached XP level 1. HP: 19/19 MP: 0/0
    82 | D:2      | Reached skill level 4 in Axes
   103 | D:2      | Noticed Jessica
   109 | D:2      | Killed Jessica
   109 | D:2      | Reached skill level 5 in Axes
   109 | D:2      | Reached XP level 2. HP: 17/26 MP: 1/1
   109 | D:2      | Reached XP level 3. HP: 20/31 MP: 2/2
   149 | D:3      | Found an opulent altar of Gozag.
   236 | D:4      | Found a staircase to the Ecumenical Temple.
   303 | D:4      | Reached XP level 4. HP: 30/39 MP: 3/3
   321 | D:4      | Found a stormy altar of Qazlal.
   368 | D:4      | Reached skill level 6 in Axes
   380 | D:5      | Entered Level 5 of the Dungeon
   480 | D:6      | Noticed an orc warrior
   489 | D:6      | Killed an orc warrior
   489 | D:6      | Reached skill level 7 in Axes
   489 | D:6      | Reached XP level 5. HP: 45/45 MP: 4/4
   491 | D:6      | Reached ** piety under Trog
   548 | D:6      | Found a snail-covered altar of Cheibriados.
   549 | D:6      | Reached skill level 8 in Axes
   567 | D:6      | Reached XP level 6. HP: 51/51 MP: 5/5
   597 | D:6      | Reached skill level 9 in Axes
   703 | D:7      | Reached XP level 7. HP: 44/57 MP: 6/6
   724 | D:7      | Noticed Pikel
   741 | D:7      | Killed Pikel
   741 | D:7      | Reached skill level 11 in Axes
   741 | D:7      | Reached XP level 8. HP: 24/64 MP: 7/7
   864 | D:8      | Noticed a hippogriff
   870 | D:8      | Reached skill level 12 in Axes
   877 | D:8      | Killed a hippogriff
   880 | D:8      | Reached *** piety under Trog
   884 | D:8      | Reached skill level 13 in Axes
   923 | D:8      | Noticed a troll
   931 | D:8      | Killed a troll
  1049 | D:8      | Found a hide-covered altar of Uskayaw.
  1055 | D:8      | Reached XP level 9. HP: 58/70 MP: 8/8
  1088 | D:8      | Reached skill level 14 in Axes
  1192 | D:9      | Found a shattered altar of Ashenzari.
  1231 | D:10     | Entered Level 10 of the Dungeon
  1285 | D:9      | Noticed a two-headed ogre
  1301 | D:9      | Killed a two-headed ogre
  1301 | D:9      | Reached skill level 15 in Axes
  1394 | D:9      | Found a sparkling altar of Nemelex Xobeh.
  1528 | D:10     | Noticed a two-headed ogre
  1535 | D:10     | Killed a two-headed ogre
  1535 | D:10     | Reached skill level 16 in Axes
  1535 | D:10     | Reached XP level 10. HP: 77/77 MP: 9/9
  1545 | D:10     | Reached **** piety under Trog
  1838 | D:11     | Noticed a white ugly thing
  1848 | D:11     | Killed a white ugly thing
  1912 | D:11     | Reached skill level 5 in Fighting
  2012 | D:11     | Noticed a two-headed ogre
  2019 | D:11     | Killed a two-headed ogre
  2019 | D:11     | Reached skill level 5 in Armour
  2029 | D:11     | Noticed a two-headed ogre
  2033 | D:11     | Slain by a two-headed ogre

Vault maps used:
D:1:      lightli_molten_gateway
D:2:      old_standard_altar, feat_on_display, uniq_jessica, uniq_sigmund,
          uniq_natasha
D:3:      nicolae_ru_path_of_blood, lemuel_zombie_altar_yredelemnul,
          nicolae_overflow_crystal_walls, first_bread,
          chequers_ecumenical_altar_simple, uniq_iyjb
D:4:      nicolae_qazlal_eye_of_the_storm, temple_statues,
          minmay_misc_feat_pillars, uniq_eustachio
D:5:      old_standard_altar, overflow_temple_1_default, minivault_14
D:6:      kennysheep_mini_moat, fiery_altar_vehumet, basic_altar,
          fedhas_altar_1, uniq_blork_the_orc
D:7:      uniq_menkaure, uniq_pikel
D:8:      overflow_temple_1_default, eat_drink_and_be_merry_uskayaw
D:9:      zin_statuary, lemuel_coloured_pillars_altar, lemuel_doored_altar,
          nicolae_ashenzari_panopticon, minmay_lair_entry_lava
D:10:     minmay_curly_fans, bloody_makhleb
D:11:     erik_orc_1
D:12:     serial_shops, shop_fountains

Skill      XL: |  1  2  3  4  5  6  7  8  9 10 |
---------------+-------------------------------+-----
Axes           | 5 7 8 9 11 13 16 | 16.5
Fighting       | 5 |  5.9
Armour         | 5 |  5.0
Dodging        | 4 |  4.5

Action                   |  1- 3 |  4- 6 |  7- 9 | 10-12 || total
-------------------------+-------+-------+-------+-------++-------
Melee: Hand axe          |    32 |    68 |   138 |   113 ||   351
       Headbutt          |     5 |    11 |    39 |    32 ||    87
Invok: Berserk           |     2 |     3 |     4 |     2 ||    11
       Burn Spellbooks   |       |       |     3 |       ||     3
  Use: Potion            |       |       |     5 |     1 ||     6
 Stab: Invisible         |       |       |     3 |       ||     3
  Eat: Chunk             |       |     3 |     6 |     4 ||    13
       Royal jelly       |       |       |       |     3 ||     3
Armor: Animal skin       |     9 |     2 |       |       ||    11
       Chain mail        |       |    28 |    65 |    50 ||   143
       Plate armour      |       |       |       |    19 ||    19
Dodge: Dodged            |    32 |    25 |    45 |    30 ||   132
